 Dungeon Crawl Stone Soup version 0.28.0-53-g5a82cb258f (webtiles) character file.

Game seed: 3232411564040608974

43956 Peloso the Fencer (level 13, -3/119 HPs)
             Began as a Minotaur Fighter on July 12, 2022.
             Was a High Priest of Okawaru.
             Killed from afar by Jorgrun (22 damage)
             ... with a blast of rock fragments
             ... on level 12 of the Dungeon.
             The game lasted 00:39:42 (20092 turns).

Peloso the Fencer (Minotaur Fighter)               Turns: 20092, Time: 00:39:43

Health: -3/119     AC: 24    Str: 30    XL:     13   Next: 93%
Magic:  14/14      EV:  9    Int:  5    God:    Okawaru [*****.]
Gold:   826        SH: 19    Dex: 16    Spells: 12/12 levels left

rFire   . . .      SeeInvis .   a - +2 long sword (flame)
rCold   + . .      Faith    .   e - +0 kite shield "Amnekyghi" {rC+}
rNeg    . . .      Spirit   .   s - +0 plate armour
rPois   +          Reflect  +   R - +0 hat "Runlasuch" {rPois Regen+ Dex+4}
rElec   .          Harm     .   A - +1 cloak {rCorr}
rCorr   +          Rampage  .   J - +2 pair of gloves
Will    .....                   I - +0 pair of boots
Stlth   ..........              q - amulet of reflection
HPRegen 1.09/turn               w - +6 ring of strength
MPRegen 0.14/turn               g - ring of flight

@: flying
A: horns 2, retaliatory headbutt
a: Renounce Religion, Heroism, Finesse, Duel


You were on level 12 of the Dungeon.
You worshipped Okawaru.
Okawaru was extremely pleased with you.
You visited 3 branches of the dungeon, and saw 17 of its levels.
You also visited: Gauntlet and Ice Cave.

You collected 934 gold pieces.
You spent 108 gold pieces at shops.

Inventory:

Hand Weapons
 a - a +2 long sword of flaming (weapon)
 b - a +1 scimitar of holy wrath
 l - the +4 hand crossbow "Nufanati" {vorpal, rN+}
   (You found it on level 10 of the Dungeon)

   Any ammunition fired from it inflicts extra damage upon your enemies.
   rN:        It protects you from negative energy.
Missiles
 C - a throwing net (quivered)
Armour
 c - a +0 buckler
 e - the +0 kite shield "Amnekyghi" (worn) {rC+}
   (Okawaru gifted it to you on level 11 of the Dungeon)

   rC:        It protects you from cold.
 s - a +0 plate armour (worn)
 A - a +1 cloak of preservation (worn)
 E - +0 swamp dragon scales
 I - a +0 pair of boots (worn)
 J - a +2 pair of gloves (worn)
 R - the +0 hat "Runlasuch" (worn) {rPois Regen+ Dex+4}
   (You found it in a Gauntlet)

   Dex:       It affects your dexterity (+4).
   rPois:     It protects you from poison.
   Regen:     It increases your rate of health regeneration.
Jewellery
 f - a ring of poison resistance
 g - a ring of flight (right hand)
 j - a ring of protection from cold
 q - an amulet of reflection (around neck)
 u - a +4 ring of evasion
 w - a +6 ring of strength (left hand)
 z - a ring of fire
 P - the ring of the Mage {Wiz Archmagi}
   (You found it in a Gauntlet)

   [ring of wizardry]

   It improves your spell success rate.
   Archmagi:  It increases the power of your magical spells.
 S - the amulet "Mauppeh" {Acrobat Will+}
   (You took it off a minotaur in a Gauntlet)

   [amulet of the acrobat]

   It increases your evasion while moving and waiting.
   Will:      It increases your willpower.
Wands
 y - a wand of acid (4)
 G - a wand of flame (30)
 K - a wand of iceblast (11)
 V - a wand of paralysis (7)
Scrolls
 k - a scroll of holy word
 m - 5 scrolls of noise
 n - 3 scrolls of amnesia
 o - 2 scrolls of enchant weapon
 r - a scroll of magic mapping
 v - 8 scrolls of immolation
 F - a scroll of enchant armour
 H - a scroll of silence
 M - 3 scrolls of identify
 O - a scroll of fog
 Q - a scroll of acquirement
 T - 5 scrolls of teleportation
 X - a scroll of blinking
 Z - 3 scrolls of fear {unknown}
Potions
 d - a potion of might
 h - 4 potions of flight
 i - 4 potions of mutation
 p - a potion of cancellation
 t - 10 potions of curing
 B - a potion of magic
 D - 2 potions of berserk rage
 L - 2 potions of invisibility
 N - a potion of experience {unknown}
 U - a potion of heal wounds
 W - a potion of haste {unknown}
 Y - 7 potions of ambrosia
Miscellaneous
 x - a phial of floods


   Skills:
 + Level 12.5 Fighting
 + Level 16.1 Long Blades
 + Level 14.1 Armour
 + Level 4.2 Dodging
 + Level 2.2 Stealth
 + Level 15.1 Shields
 + Level 3.1 Invocations
 + Level 0.6 Evocations


You had 12 spell levels left.
You didn't know any spells.
Your spell library contained the following spells:

 Spells                   Type           Power      Damage    Failure   Level
 Magic Dart               Conj           0%         1d3       99%         1
 Corpse Rot               Necr/Air       0%         N/A       100%        2
 Ensorcelled Hibernation  Hex/Ice        0%         N/A       100%        2
 Poisonous Vapours        Pois/Air       0%         N/A       100%        2
 Searing Ray              Conj           0%         2d4       100%        2
 Static Discharge         Conj/Air       0%         N/A       100%        2
 Gell's Gravitas          Tloc           0%         N/A       100%        3
 Lesser Beckoning         Tloc           0%         N/A       100%        3
 Spider Form              Tmut/Pois      0%         N/A       100%        3
 Teleport Other           Tloc           0%         N/A       100%        3
 Anguish                  Hex/Necr       0%         N/A       100%        4
 Fulminant Prism          Conj/Hex       0%         3d6       100%        4
 Petrify                  Tmut/Erth      0%         N/A       100%        4
 Alistair's Intoxication  Tmut/Pois      0%         N/A       100%        5
 Borgnjor's Vile Clutch   Necr/Erth      0%         N/A       100%        5
 Lightning Bolt           Conj/Air       0%         1d11      100%        5
 Metabolic Englaciation   Hex/Ice        0%         N/A       100%        5
 Dispersal                Tloc           0%         N/A       100%        6
 Eringya's Noxious Bog    Tmut/Pois      0%         N/A       100%        6
 Statue Form              Tmut/Erth      0%         N/A       100%        6
 Maxwell's Capacitive Co  Air            0%         ∞         100%        8


Dungeon Overview and Level Annotations

Branches:
Dungeon (12/15)            Temple (1/1) D:6            Lair (4/6) D:11
  Swamp (0/4) Lair:3        Snake (0/4) Lair:3        IceCv (visited)
Gauntlet (visited)
    Orc: D:9-12

Altars:
Ashenzari
Cheibriados
Dithmenos
Elyvilon
Fedhas
Gozag
Hepliaklqana
Kikubaaqudgha
Makhleb
Nemelex Xobeh
Okawaru
Qazlal
Ru
Sif Muna
Trog
Uskayaw
Vehumet
Wu Jian
Xom
Yredelemnul
Zin
The Shining One

Shops:
D:6 ?

Annotations:
D:12 Jorgrun


Innate Abilities, Weirdness & Mutations

You have a pair of horns on your head.
You reflexively headbutt those who attack you in melee.


Message History

The grasping roots constrict you.
Unknown command.
You hit Jorgrun. You burn Jorgrun.
Jorgrun is severely wounded.
Jorgrun drinks a potion.
Jorgrun is healed!
The grasping roots constrict you!
You hit Jorgrun. You burn Jorgrun. Your headbutt misses Jorgrun.
Jorgrun is severely wounded.
You block Jorgrun's attack. The grasping roots constrict you!
You slash Jorgrun! You burn Jorgrun!
Jorgrun is almost dead.
You completely miss Jorgrun.
Jorgrun is almost dead.
You block Jorgrun's attack. The grasping roots constrict you.
You hit Jorgrun. You burn Jorgrun. Your headbutt misses Jorgrun.
Jorgrun is almost dead.
Jorgrun hits you but does no damage. The grasping roots constrict you.
The grasping roots release their grip on you.
You closely miss Jorgrun. You headbutt Jorgrun, but do no damage.
Jorgrun is almost dead.
You feel like a meek peon again. Jorgrun casts a spell next to you.
The wall shatters!
The blast of rock fragments hits you!!
* * * LOW HITPOINT WARNING * * *
You barely miss Jorgrun. Your headbutt misses Jorgrun.
Jorgrun is almost dead.
You completely miss Jorgrun. Your headbutt misses Jorgrun.
Jorgrun is almost dead.
Jorgrun gestures at you while chanting.
You struggle to resist.
You hit Jorgrun. You burn Jorgrun.
Jorgrun is almost dead.
Jorgrun points next to you and mumbles some strange words.
The wall shatters!
The blast of rock fragments hits you!
* * * LOW HITPOINT WARNING * * *
Unknown command.
You hit Jorgrun but do no damage.
Jorgrun is almost dead.
Jorgrun points next to you and mumbles some strange words.
The wall shatters!
The blast of rock fragments hits you!!
You die...

####.
#.$.
#...
#...
#..#
#..#
#.g#
#.@#
#..#
#..#
#.<#
##.#
#.#
#.#
..#
###


You could see Jorgrun.

Vanquished Creatures
  A reaper (IceCv)
  A minotaur (Gauntlet)
  Snorg (Lair:3)
  5 hydras
  Erolcha (D:9)
  Urug (Lair:3)
  A fire crab (Gauntlet)
  Pikel (D:8)
  A wizard (Gauntlet)
  A necromancer (Gauntlet)
  A cyclops (D:11)
  6 elephants (Lair:3)
  2 black mambas
  Joseph (D:7)
  A gargoyle (D:11)
  2 ice statues (IceCv)
  A torpor snail (shapeshifter) (Gauntlet)
  5 cane toads
  5 rime drakes
  An unseen horror (D:8)
  3 kobold demonologists (D:11)
  Maggie (D:6)
  6 ice devils (IceCv)
  4 komodo dragons
  An entropy weaver simulacrum (IceCv)
  3 trolls
  A queen bee (Lair:4)
  Prince Ribbit (D:8)
  3 meliai (Lair:4)
  A tyrant leech (Lair:3)
  A meliai zombie (D:8)
  4 blink frogs (Lair:1)
  3 shadows
  47 yaks
  3 dire elephant simulacra (IceCv)
  6 wyverns
  Sigmund (D:6)
  2 wraiths (D:11)
  2 fire bats (Gauntlet)
  A hog (shapeshifter) (Gauntlet)
  5 basilisks
  7 vampire mosquitoes (D:11)
  Edmund (D:6)
  A death yak simulacrum (IceCv)
  Menkaure (D:6)
  A swamp worm (Lair:3)
  3 nagas (Lair:3)
  An acid dragon (D:11)
  12 water moccasins
  Duvessa (D:6)
  5 orc warriors
  2 black bears
  4 necrophages
  4 ogres
  5 centaurs
  19 wolves
  A phantom (D:4)
  2 lemures (D:8)
  2 kobold brigands (D:11)
  9 bullfrogs
  A cane toad simulacrum (IceCv)
  2 gnoll sergeants
  3 scorpions
  Dowan (D:6)
  40 killer bees
  5 wights (D:6)
  An elephant simulacrum (IceCv)
  A vampire bat (Lair:1)
  A howler monkey (D:7)
  4 electric eels (Lair:1)
  5 centaur zombies
  7 jellies
  7 orc priests
  Crazy Yiuf (D:5)
  2 hounds
  9 orc wizards
  A spriggan simulacrum (IceCv)
  3 troll simulacra (IceCv)
  A polar bear simulacrum (IceCv)
  A wolf simulacrum (IceCv)
  A hound zombie (D:5)
  A hound skeleton (D:4)
  3 howler monkey zombies
  13 gnolls
  11 adders
  2 naga simulacra (IceCv)
  2 shadow imps (Gauntlet)
  5 white imps (IceCv)
  An ufetubus (IceCv)
  2 adder skeletons (D:4)
  2 worms
  2 dart slugs
  19 orcs
  3 ball pythons
  5 endoplasms
  A giant cockroach (D:4)
  7 goblins
  5 hobgoblins
  8 jackals
  4 kobolds
  2 quokkas
  8 bats
  A frilled lizard (D:3)
  4 rats
427 creatures vanquished.

Vanquished Creatures (others)
  3 fungi
  11 plants
  7 toadstools (D:1)
  4 withered plants (Gauntlet)
25 creatures vanquished.

Grand Total: 452 creatures vanquished

Notes
Turn   | Place    | Note
-------+----------+-------------------------------------------
     0 | D:1      | Peloso the Minotaur Fighter began the quest for the Orb.
     0 | D:1      | Reached XP level 1. HP: 19/19 MP: 0/0
   348 | D:1      | Reached XP level 2. HP: 24/27 MP: 1/1
   625 | D:1      | You fall into a shaft and drop 1 floor!
   803 | D:2      | Reached XP level 3. HP: 24/33 MP: 2/2
   908 | D:2      | Reached skill level 3 in Long Blades
  1621 | D:3      | Found a faded altar of an unknown god.
  1675 | D:3      | Reached XP level 4. HP: 38/40 MP: 3/3
  2234 | D:3      | Reached skill level 4 in Long Blades
  2237 | D:3      | Reached XP level 5. HP: 43/46 MP: 4/4
  2467 | D:4      | Reached skill level 1 in Dodging
  2503 | D:4      | Noticed a necrophage
  2513 | D:4      | Killed a necrophage
  2514 | D:4      | Reached skill level 5 in Armour
  2514 | D:4      | Reached XP level 6. HP: 42/53 MP: 5/5
  2662 | D:4      | Noticed an orc warrior
  2675 | D:4      | Killed an orc warrior
  2676 | D:4      | Reached skill level 5 in Long Blades
  2688 | D:4      | Reached skill level 5 in Fighting
  3094 | D:4      | Reached skill level 6 in Long Blades
  3094 | D:4      | Reached XP level 7. HP: 51/61 MP: 6/6
  3632 | D:5      | Entered Level 5 of the Dungeon
  3789 | D:5      | Reached skill level 7 in Long Blades
  3789 | D:5      | Reached skill level 5 in Shields
  3892 | D:5      | Found a sacrificial altar of Ru.
  4050 | D:5      | Found a runed translucent door.
  4051 | D:5      | Noticed Crazy Yiuf
  4193 | D:5      | Reached XP level 8. HP: 70/70 MP: 7/7
  4366 | D:5      | Killed Crazy Yiuf
  4474 | D:6      | Found a shimmering blue altar of Sif Muna.
  4475 | D:6      | Found an opulent altar of Gozag.
  4542 | D:6      | Noticed Menkaure
  4623 | D:6      | Killed Menkaure
  4624 | D:6      | Reached skill level 8 in Long Blades
  4855 | D:6      | Noticed Maggie
  4865 | D:6      | Killed Maggie
  5056 | D:6      | Reached skill level 9 in Long Blades
  5146 | D:6      | Found Xieppote's Magic Scroll Boutique.
  5163 | D:6      | Reached XP level 9. HP: 79/79 MP: 8/8
  5172 | D:6      | Bought a scroll of magic mapping for 42 gold pieces
  5172 | D:6      | Bought a scroll of magic mapping for 42 gold pieces
  5172 | D:6      | Bought a scroll of identify for 24 gold pieces
  5193 | D:6      | Noticed Edmund
  5201 | D:6      | Killed Edmund
  5303 | D:6      | Noticed Sigmund
  5311 | D:6      | Killed Sigmund
  5429 | D:6      | Reached skill level 10 in Long Blades
  5693 | D:6      | Noticed Dowan
  5694 | D:6      | Noticed Duvessa
  5713 | D:6      | Killed Duvessa
  5714 | D:6      | Reached skill level 1 in Stealth
  5716 | D:6      | Killed Dowan
  6064 | D:6      | Found a staircase to the Ecumenical Temple.
  6399 | D:7      | Noticed Joseph
  6412 | D:7      | Killed Joseph
  6413 | D:7      | Reached skill level 11 in Long Blades
  6602 | Temple   | Entered the Ecumenical Temple
  6830 | Temple   | Became a worshipper of Warmaster Okawaru
  6900 | D:7      | Noticed a troll
  6910 | D:7      | Killed a troll
  7532 | D:8      | Reached XP level 10. HP: 88/88 MP: 9/9
  7622 | D:8      | Noticed Prince Ribbit
  7637 | D:8      | Killed Prince Ribbit
  7637 | D:8      | Reached * piety under Okawaru
  8112 | D:8      | Reached skill level 12 in Long Blades
  8121 | D:8      | Identified the +8 war axe "Furr" {vamp, Will- Str+3 Int+4}
  8209 | D:8      | Noticed Pikel
  8220 | D:8      | Killed Pikel
  8220 | D:8      | Reached ** piety under Okawaru
  8221 | D:8      | Reached skill level 10 in Armour
  8247 | D:8      | Identified the +2 whip of the Shining Light {drain, Str+2
                  | Dex+3 Stlth+}
  8813 | D:9      | Reached *** piety under Okawaru
  8814 | D:9      | Reached skill level 13 in Long Blades
  9121 | D:9      | Noticed Erolcha
  9130 | D:9      | Killed Erolcha
  9195 | D:9      | Reached XP level 11. HP: 87/97 MP: 10/10
  9456 | D:9      | Reached **** piety under Okawaru
  9605 | D:9      | Received a gift from Okawaru
  9891 | D:10     | Entered Level 10 of the Dungeon
 10338 | D:10     | Identified the +4 hand crossbow "Nufanati" {vorpal, rN+}
 10357 | D:10     | Reached skill level 14 in Long Blades
 10816 | D:11     | Found a frozen archway.
 10841 | IceCv    | Entered an ice cave
 12213 | IceCv    | Reached skill level 10 in Fighting
 12239 | IceCv    | Reached ***** piety under Okawaru
 12595 | IceCv    | Noticed a reaper
 12971 | IceCv    | Killed a reaper
 13586 | D:11     | Reached skill level 1 in Invocations
 13623 | D:11     | Identified the +0 kite shield "Amnekyghi" {rC+} (Okawaru
                  | gifted it to you on level 11 of the Dungeon)
 13623 | D:11     | Received a gift from Okawaru
 13660 | D:11     | Reached XP level 12. HP: 108/108 MP: 11/11
 13853 | D:11     | Reached skill level 15 in Long Blades
 14118 | D:11     | Reached skill level 10 in Shields
 14159 | D:11     | Found a staircase to the Lair.
 14511 | Lair:1   | Entered Level 1 of the Lair of Beasts
 14596 | Lair:1   | Found a gate leading to a gauntlet.
 14605 | Gauntlet | Entered a Gauntlet
 14605 | Gauntlet | Noticed a death yak
 14605 | Gauntlet | Noticed a death yak
 14605 | Gauntlet | Found a transporter.
 14605 | Gauntlet | Found a transporter.
 14606 | Gauntlet | Found a transporter.
 14606 | Gauntlet | Noticed a death yak
 14607 | Gauntlet | Noticed a death yak
 14610 | Gauntlet | Found a transporter.
 14624 | Gauntlet | Found a transporter.
 14692 | Gauntlet | Found a transporter.
 14711 | Gauntlet | Found a transporter.
 14726 | Gauntlet | Found a transporter.
 14741 | Gauntlet | Found a transporter.
 14741 | Gauntlet | Found the ring of the Mage {Wiz Archmagi}
 14756 | Gauntlet | Found a transporter.
 14764 | Gauntlet | Found a transporter.
 14787 | Gauntlet | Found a transporter.
 15116 | Gauntlet | Identified the +0 hat "Runlasuch" {rPois Regen+ Dex+4}
 15252 | Gauntlet | Identified the +10 glaive of the Hungering Shrike {vamp,
                  | Str+2}
 15252 | Gauntlet | Identified the amulet "Mauppeh" {Acrobat Will+}
 15252 | Gauntlet | Noticed a minotaur
 15257 | Gauntlet | Killed a minotaur
 15263 | Gauntlet | Identified the +1 ring mail of Sloth {Will+}
 15406 | Gauntlet | Identified a scroll of acquirement
 15437 | Lair:1   | Identified the -2 hat of the Hippo {Harm rF+ Dex+4}
                  | (Okawaru gifted it to you on level 1 of the Lair of Beasts)
 15437 | Lair:1   | Received a gift from Okawaru
 15647 | Lair:1   | Reached XP level 13. HP: 106/116 MP: 14/14
 17085 | Lair:2   | Found a radiant altar of Vehumet.
 17895 | Lair:3   | Found a staircase to the Snake Pit.
 17903 | Lair:3   | Noticed Urug
 17921 | Lair:3   | Killed Urug
 18111 | Lair:3   | Received a gift from Okawaru
 18341 | Lair:3   | Found a staircase to the Swamp.
 18560 | Lair:3   | Noticed Snorg
 18568 | Lair:3   | Killed Snorg
 18570 | Lair:3   | Reached skill level 16 in Long Blades
 19277 | Lair:4   | Reached skill level 15 in Shields
 19287 | Lair:4   | Reached ****** piety under Okawaru
 20065 | D:12     | Noticed Jorgrun
 20092 | D:12     | Killed from afar by Jorgrun

Illustrated notes

Levels and vault maps discovered:
D:1:      nagdon_arrival_zigzag_paths, layout_loops_ring
D:2:      layout_basic
D:3:      layout_loops_cross, basic_ecumenical_altar, kennysheep_generic_room_8
D:4:      layout_basic
D:5:      layout_basic, kennysheep_mini, kennysheep_generic_room_3,
          uniq_crazy_yiuf_cottage
D:6:      layout_cave_pods, chequers_temple_overflow_statue_of_worship,
          minmay_temple_entry_from_below_b, serial_shops, nicolae_stop_n_shop_1,
          hangedman_abyss_or_decor_jellyfish_corner, sigmund_edmund_badplayer,
          uniq_menkaure, uniq_maggie, uniq_duvessa
D:7:      layout_loops_ring, nicolae_underground_beach, uniq_joseph
D:8:      layout_gridville, uniq_pikel, uniq_prince_ribbit1
D:9:      layout_basic, minivault_25, uniq_erolcha
D:10:     layout_roguey
D:11:     layout_basic, minmay_lair_entry_grove, portal_ice_cave_rime
D:12:     layout_loops_ring, kennysheep_orc_monster_closet_entryway,
          uniq_rupert, uniq_jorgrun, uniq_sonja, uniq_azrael
Temple:   mainiacjoe_temple_bowtie_tessellation
Lair:1:   layout_cave_pods, gauntlet_entry_generic, roderic_batcave,
          serial_bayou_lake_a, serial_bayou_shore_b
Lair:2:   layout_layer_cave, basic_altar, lemuel_fruit_fields,
          serial_bayou_shore_b
Lair:3:   layout_small_grid, palyth_hydra_swamp_entry,
          guppyfry_snake_entry_island, uniq_urug, uniq_snorg
Lair:4:   layout_concentric_octagons, special_room [special_room_bee]

Skill      XL: |  1  2  3  4  5  6  7  8  9 10 11 12 13 |
---------------+----------------------------------------+-----
Armour         | 4 5 6 7 9 10 12 13 14 | 14.1
Shields        | 4 5 6 7 9 12 15 | 15.1
Fighting       | 4 5 7 8 9 10 11 12 | 12.5
Long Blades    | 3 4 6 7 9 11 13 14 15 16 | 16.1
Dodging        | 1 2 3 4 |  4.2
Stealth        | 1 2 |  2.2
Invocations    | 1 3 |  3.1
Evocations     | |  0.6

Action                   |  1- 3 |  4- 6 |  7- 9 | 10-12 | 13-15 || total
-------------------------+-------+-------+-------+-------+-------++-------
Melee: Long sword        |    80 |    96 |   199 |   733 |   465 ||  1573
       Headbutt          |     9 |    18 |    44 |   171 |   102 ||   344
Invok: Heroism           |       |       |       |    14 |     4 ||    18
Evoke: Wand              |       |       |       |     6 |       ||     6
  Use: Potion            |       |     1 |     1 |     6 |       ||     8
       Scroll            |       |       |     7 |    14 |     4 ||    25
Armor: Scale mail        |    42 |    42 |       |       |       ||    84
       Plate armour      |       |    13 |   114 |   396 |   158 ||   681
       Chain mail        |       |       |       |     1 |       ||     1
Dodge: Dodged            |    29 |    41 |    59 |   192 |    97 ||   418
Block: Buckler           |    21 |    23 |    58 |   121 |       ||   223
       Reflection        |       |       |       |    12 |     3 ||    15
       Kite shield       |       |       |       |   284 |   439 ||   723
